Map: Dead of Night

Players

BunnyLove

  • Race: Terran Terran

inkwing

  • Race: Terran Terran
  • Spawn Location: 0:00

VOD

Have the link to the VOD?

Description

Time

  • Played on: March 12, 2018, 8:36 p.m.
  • Length: 18:42
Show
View Real Time Build Order
Export as new Build Order

BunnyLove Terran 

Build Orders:  

Get SALT Encoding   

  12  0:05  Starport Tech Lab  
  12  0:09  SCV  
  13  0:26  SCV  
  14  0:33  Supply Depot  
  15  0:43  SCV  
  15  1:04  Assault Galleon  
  15  1:08  SCV  
  16  1:25  SCV  
  16  1:29  Assault Galleon  
  18  1:42  SCV  
  18  1:44  Refinery  
  18  1:59  SCV  
  19  2:14  Engineering Bay  
  19  2:16  SCV  
  20  2:20  Supply Depot  
  21  2:33  SCV  
  21  2:35  Refinery  
  21  2:49  SCV  
  22  3:02  Hellbat x2  
  22  3:06  SCV  
  28  3:23  SCV  
  28  3:25  LE9 Cluster Charges  
  28  3:37  Reaper, Hellbat  
  31  3:48  SCV  
  32  3:51  Supply Depot  
  32  3:57  Reaper  
  33  4:05  SCV  
  33  4:07  Reaper x2, Jetpack Overdrive  
  36  4:27  Reaper x2  
  39  4:34  SCV  
  39  4:36  Armory  
  39  4:37  Reaper  
  40  4:49  Reaper x2  
  43  4:51  SCV  
  43  5:07  Assault Galleon  
  43  5:08  SCV  
  44  5:11  Reaper  
  44  5:13  Reaper  
  46  5:21  Reaper  
  46  5:23  Reaper  
  46  5:25  SCV  
  49  5:30  Reaper  
  49  5:33  Reaper  
  52  5:40  Reaper  
  52  5:42  SCV  
  52  5:46  Reaper  
  47  6:22  Theia Raven  
  43  6:31  Horner Weapons Level 1  
  42  6:43  Reaper x2  
  44  6:52  Reaper  
  44  6:53  Reaper x2  
  44  6:57  SCV  
  48  7:02  Reaper  
  48  7:03  Reaper x2  
  48  7:07  Fusion Core  
  52  7:12  Reaper  
  52  7:13  Reaper x2  
  52  7:14  SCV  
  52  7:15  Assault Galleon  
  55  7:22  Reaper  
  55  7:23  Reaper x2  
  55  7:29  Supply Depot  
  59  7:31  SCV  
  59  7:32  Reaper  
  59  7:33  Reaper x2  
  62  7:42  Reaper  
  63  7:59  Reaper x3  
  66  8:09  Reaper x2, SCV  
  69  8:17  Reaper  
  69  8:19  Reaper  
  71  8:26  SCV  
  75  8:35  Strike Fighter Platform  
  75  8:36  Strike Fighter Platform  
  76  8:43  Napalm Payload, SCV  
  76  8:46  Refinery  
  76  8:56  Reaper x2  
  79  9:00  SCV  
  74  9:14  Reaper x2  
  74  9:18  Reaper  
  75  9:24  Reaper x2  
  75  9:29  Reaper  
  76  9:33  Reaper  
  76  9:34  Reaper x2  
  76  9:39  Reaper  
  79  9:51  Supply Depot  
  79  10:00  Reaper  
  79  10:04  Reaper, Supply Depot  
  79  10:06  Reaper  
  79  10:08  Supply Depot  
  79  10:22  Reaper x4  
  83  10:31  Reaper x2  
  83  10:32  Reaper x2  
  87  10:41  Reaper x4  
  93  10:50  Strike Fighter Platform  
  93  10:51  Reaper x3  
  96  11:00  Horner Weapons Level 2  
  96  11:17  Strike Fighter Platform  
  96  11:19  Strike Fighter Platform  
  99  11:20  Reaper x3  
  99  11:25  Supply Depot  
  101  11:38  Reaper x3  
  101  11:39  Reaper  
  105  11:48  Reaper x2  
  106  11:54  SCV  
  106  11:56  Reaper x2  
  106  11:58  Reaper x2  
  110  12:06  Reaper x2  
  111  12:10  Theia Raven  
  111  12:12  Reaper  
  111  12:13  Reaper  
  111  12:16  Reaper x2  
  117  12:22  Reaper  
  117  12:41  Reaper x3  
  117  12:42  Reaper  
  121  12:51  Reaper x3  
  121  12:52  Reaper  
  121  12:56  SCV  
  125  13:13  SCV  
  123  13:22  Reaper x4  
  125  13:30  SCV  
  125  13:32  Reaper x3  
  125  13:38  Reaper  
  127  13:47  SCV  
  124  13:57  Strike Fighter Platform  
  126  14:01  Strike Fighter Platform  
  125  14:12  Reaper x3  
  125  14:13  Reaper  
  128  14:22  Reaper x3  
  128  14:23  Reaper  
  131  14:32  Reaper x3  
  131  14:33  Reaper  
  131  14:39  Horner Weapons Level 3  
  132  14:42  Reaper x3  
  132  14:43  Reaper  
  132  14:49  SCV  
  131  14:52  Reaper x3  
  131  15:05  Reaper x4  
  135  15:15  Reaper x4  
  135  15:16  Strike Fighter Platform  
  141  15:31  Reaper x2  
  141  15:34  Reaper  
  143  15:50  Reaper x2  
  143  15:51  Reaper  
  143  15:52  Reaper  
  131  16:00  Reaper x2  
  131  16:01  Reaper  
  131  16:02  Reaper  
  131  16:10  Reaper  
  131  16:11  Reaper x2  
  131  16:12  Reaper  
  131  16:14  Supply Depot  
  131  16:20  Reaper  
  131  16:21  Reaper  
  131  16:26  Reaper x2  
  135  16:30  Reaper  
  135  16:31  Reaper  
  135  16:36  Reaper  
  135  16:37  Reaper  
  135  16:39  Reaper  
  136  16:41  Reaper  
  136  16:46  Reaper  
  136  16:47  Reaper  
  136  16:49  Reaper  
  137  16:51  Reaper  
  137  16:56  Reaper  
  132  17:02  Reaper x2  
  132  17:03  Reaper  
  132  17:07  Reaper  
  131  17:12  Reaper x3  
  131  17:17  Reaper  
  130  17:22  Reaper x3  
  130  17:23  Strike Fighter Platform  
  130  17:27  Reaper  
  132  17:32  Reaper  
  132  17:36  Reaper x2  
  134  17:43  Reaper x2  
  134  17:46  Reaper  
  136  17:52  Reaper  
  136  17:53  Reaper x2  
  136  17:56  Reaper  
  139  18:02  Reaper x2  
  139  18:03  Reaper  
  140  18:15  Reaper x3  
  140  18:18  Reaper  
Show
View Real Time Build Order
Export as new Build Order

inkwing Terran 

Build Orders:  

Get SALT Encoding   

Tags
 
Commander
HornerRaynor
Matchup
Co-op
Replay Pack
Co-op Speedrun
Add a new tag
Caveats
  • Supply blocks, unpowered buildings, or Contaminate may cause inaccurate times.
  • Supply counts are checked every 10 seconds.